 Dungeon Crawl Stone Soup version 0.32-a0-908-g8e5f33bbaa (webtiles) character file.

Game seed: 17489256605334842494

622 forbiddenzone the Frost Mage (level 7, -2/46 HPs)
             Began as a Merfolk Ice Elementalist on Apr 6, 2024.
             Slain by a hound (3 damage)
             ... on level 5 of the Dungeon.
             The game lasted 00:24:08 (4709 turns).

forbiddenzone the Frost Mage (MfIE)                 Turns: 4709, Time: 00:24:08

Health: -2/46      AC:  4    Str:  8    XL:     7   Next: 46%
Magic:  5/10       EV: 13    Int: 16    God:
Gold:   154        SH:  0    Dex: 15    Spells: 6/10 levels left

rFire   . . .        i - +0 trident
rCold   . . .        (no shield)
rNeg    + . .        a - +0 robe
rPois   .            (helmet restricted)
rElec   .            H - +0 cloak
rCorr   .            n - +0 pair of gloves
SInv    .            (no boots)
Will    .....        d - amulet of faith
Stlth   ++           D - ring of positive energy
HPRegen 0.27/turn    (no ring)
MPRegen 0.12/turn

%: faith
@: no status effects
A: (nimble swimmer 2), mertail, horns 1, MP-powered wands
a: no special abilities


You were on level 5 of the Dungeon.
You visited 1 branch of the dungeon, and saw 5 of its levels.

You collected 154 gold pieces.

Inventory:

Hand Weapons
 c - a +0 long sword
 i - a +0 trident (weapon)
 m - a +0 falchion
 o - a +2 vampiric whip
Missiles
 g - 36 stones
 F - 8 boomerangs
 K - 2 silver javelins
Armour
 a - a +0 robe (worn)
 l - a +2 buckler
 n - a +0 pair of gloves (worn)
 r - a +0 kite shield
 A - a +0 helmet
 H - a +0 cloak (worn)
Magical Staves
 h - a staff of fire
Jewellery
 d - an amulet of faith (around neck)
 D - a ring of positive energy (left hand)
 I - a ring of flight
Talismans
 e - a maw talisman
Wands
 w - a wand of digging (4)
 G - a wand of warping (13)
Scrolls
 s - a scroll of revelation {unknown}
 t - a scroll of acquirement {unknown}
 u - 2 scrolls of fog {unknown}
 v - a scroll of enchant weapon {unknown}
 x - a scroll of noise {unknown}
 y - a scroll of blinking {unknown}
 B - 3 scrolls of teleportation {unknown}
Potions
 b - a potion of magic
 f - 3 potions of might
 j - a potion of invisibility
 k - a potion of curing {unknown}
 p - a potion of berserk rage {unknown}
 q - a potion of mutation
 z - a potion of brilliance {unknown}
 C - a potion of enlightenment {unknown}
 E - a potion of haste {unknown}
 J - a potion of lignification {unknown}


   Skills:
 + Level 5.8 Dodging
 - Level 2.1 Stealth
 - Level 2.0 Spellcasting
 * Level 8.6 Ice Magic


You had 6 spell levels left.
You knew the following spells:

 Your Spells              Type           Power      Damage    Failure   Level
x - Frozen Ramparts       Ice            58%        1d9       1%          3
z - Freeze                Ice            100%       1d10      1%          1

Your spell library contained the following spells:

 Spells                   Type           Power      Damage    Failure   Level
 Ozocubu's Armour         Ice            29%        N/A       1%          3
 Summon Ice Beast         Ice/Summ       15%        N/A       11%         3
 Magic Dart               Conj           4%         1d3       21%         1
 Sting                    Conj/Alch      4%         1d3       21%         1
 Cigotuvi's Dreadful Rot  Necr/Alch/Air  2%         N/A       30%         2
 Lesser Beckoning         Tloc           2%         N/A       30%         2
 Mercury Vapours          Alch/Air       2%         N/A       30%         2
 Searing Ray              Conj           2%         2d4       30%         2
 Maxwell's Portable Pile  Tloc           1%         2d(5-13)  52%         3
 Teleport Other           Tloc           1%         N/A       52%         3
 Freezing Cloud           Conj/Ice/Air   5%         6-21      87%         5
 Fulminant Prism          Conj/Alch      0%         3d5       90%         4
 Ignite Poison            Fire/Alch      1%         N/A       90%         4
 Olgreb's Toxic Radiance  Alch           1%         N/A       90%         4


Dungeon Overview and Level Annotations

Branches:
Dungeon (5/15)
 Temple: D:4-7

Altars:

Shops:
D:2 :


Innate Abilities, Weirdness & Mutations

((You are very nimble when in or above water. (Stealth+, EV+, Speed+++)))
Your lower body shifts to a powerful aquatic tail in water.
You have a pair of small horns on your head.
You expend magic power (3 MP) to strengthen your wands.


Message History

* * * LOW HITPOINT WARNING * * *
The phantom blinks!
You blink.
You barely miss the phantom.
The phantom is almost destroyed.
The phantom hits you.
* * * LOW HITPOINT WARNING * * *
The phantom blinks!
You blink.
A hound comes into view.
The phantom barely misses you.
It was a potion of mutation.
You feel extremely strange. A pair of horns grows on your head!
Your +0 helmet falls away!
You feel your magical essence link to the dungeon's wands.
The phantom misses you.
Aiming: Warp Space
Press: ? - help, Shift-Dir - straight line You feel a surge of power!
Space twists violently!
The rupture engulfs the phantom!
You destroy the phantom!
The hound barks!
Casting: Frozen Ramparts (safe; 1% risk of failure)
Confirm with . or Enter, or press ? or * to list all spells.
Aiming: Freeze (safe; 1% risk of failure)
Press: ? - help, Shift-Dir - straight line, f - hound
Aim: a hound You freeze the hound.
The hound is lightly wounded.
The hound bites you.
* * * LOW HITPOINT WARNING * * *
Something hits you but does no damage.
Deactivating autopickup; reactivate with Ctrl-A.
Casting: Freeze (safe; 1% risk of failure)
Confirm with . or Enter, or press ? or * to list all spells.
Aiming: Freeze (safe; 1% risk of failure)
Press: ? - help, Shift-Dir - straight line, f/p - hound
Aim: a hound (lightly wounded)
You freeze the hound.
The hound is moderately wounded.
Something hits you but does no damage. The hound bites you.
You die...

#......<†..#.#.#.#.#.##
#.#.##.###.#.....#....# #
#. #.#.#.#..###### ... #.
#.#...?..$.......
#..#.###.#..........####..
#....<.......#..."§§# #.#
#..###########.#....# #..
...
..................####.. .
......h@................
.............#.?.....#..
..........#..#.......#..
#########.#..#.#'#...#..
.#..#....##.#..
.#..#....##.##.
#####...##.# . #"..##.. .
#... .. .


You could see a hound.

Vanquished Creatures
  A phantom (D:5)
  A scorpion (D:5)
  2 bombardier beetles (D:4)
  3 hounds
  An orc priest (D:3)
  3 orc wizards
  5 adders
  8 gnolls (D:4)
  A ribbon worm (D:3)
  19 orcs
  7 endoplasms
  2 giant cockroaches (D:3)
  8 goblins
  4 hobgoblins
  6 jackals (D:2)
  3 quokkas
  9 ball pythons
  4 bats
  5 frilled lizards
  10 kobolds
  5 rats
107 creatures vanquished.

Notes
Turn   | Place    | Note
-------+----------+-------------------------------------------
     0 | D:1      | forbiddenzone the Merfolk Ice Elementalist began the quest
                  | for the Orb.
     0 | D:1      | Reached XP level 1. HP: 13/13 MP: 3/3
   263 | D:1      | Reached XP level 2. HP: 19/19 MP: 3/5
   452 | D:1      | Reached skill level 5 in Ice Magic
  1399 | D:2      | Reached XP level 3. HP: 24/24 MP: 4/6
  1610 | D:2      | Found a faded altar of an unknown god.
  1707 | D:2      | Found Movenem's Book Shop.
  2158 | D:2      | Reached skill level 6 in Ice Magic
  2295 | D:3      | Reached XP level 4. HP: 29/30 MP: 4/7
  2357 | D:3      | Learned a level 3 spell: Frozen Ramparts
  2937 | D:3      | Reached XP level 5. HP: 35/35 MP: 5/8
  3187 | D:4      | Reached skill level 7 in Ice Magic
  3333 | D:4      | Reached XP level 6. HP: 41/41 MP: 7/9
  3850 | D:4      | Reached skill level 5 in Dodging
  3871 | D:4      | Reached skill level 8 in Ice Magic
  3871 | D:4      | Reached XP level 7. HP: 46/46 MP: 3/10
  4319 | D:5      | Entered Level 5 of the Dungeon
  4706 | D:5      | Gained mutation: You have a pair of small horns on your
                  | head. [potion of mutation]
  4706 | D:5      | Gained mutation: You expend magic power (3 MP) to
                  | strengthen your wands. [potion of mutation]
  4708 | D:5      | HP: 1/46 [hound (4)]
  4709 | D:5      | Slain by a hound

Illustrated notes

Levels and vault maps discovered:
D:1:      erik_arrival_triangle_medium, layout_loops_corners
D:2:      layout_loops_ring, shapermc_ecumenical_altar_acropolis, serial_shops,
          shop, minmay_misc_feat_roman
D:3:      kennysheep_big_flooded_room, layout_basic
D:4:      layout_basic
D:5:      layout_basic, minmay_temple_entry_junction

Skill      XL: |  1  2  3  4  5  6 |
---------------+-------------------+-----
Ice Magic      | 5 6 7 8 |  8.6
Dodging        | 3 4 5 |  5.8
Stealth        | |  2.1
Spellcasting   | |  2.0

Action                     |  1- 3 |  4- 6 |  7- 9 || total
---------------------------+-------+-------+-------++-------
  Melee: Long sword        |     6 |       |       ||     6
         Trident           |    17 |    21 |    30 ||    68
   Cast: Freeze            |    64 |    68 |    13 ||   145
         Frozen Ramparts   |       |     5 |     2 ||     7
  Evoke: Wand              |       |       |     1 ||     1
    Use: Scroll            |     2 |     1 |       ||     3
         Potion            |       |       |     1 ||     1
   Stab: Sleeping          |       |       |     1 ||     1
 Armour: Robe              |    36 |    29 |    36 ||   101
  Dodge: Dodged            |    42 |    36 |    12 ||    90

Table legend: (Time is in decaauts)
 A = Elapsed time spent in this place.
 B = Non-inter-level travel time spent in this place.
 C = Inter-level travel time spent in this place.
 D = Time resting spent in this place.
 E = Time spent auto-exploring this place.
 F = Levels seen in this place.
 G = Mean time per level.
                   A        B        C        D        E       F      G
               +--------+--------+--------+--------+--------+-----+--------+
         Total |   4730 |   4439 |    291 |   1221 |   2218 |   5 |  946.0 |
       Dungeon |   4730 |   4439 |    291 |   1221 |   2218 |   5 |  946.0 |
               +--------+--------+--------+--------+--------+-----+--------+

Top non-repeatable levels by time:
     D:4: 1321 daAuts
     D:1: 1199 daAuts
     D:3: 1044 daAuts
     D:2: 985 daAuts
     D:5: 179 daAuts
